 Dungeon Crawl Stone Soup version 0.17-a0-1923-gc35365e (webtiles) character file.

183 Ordine the Changer (level 5, -1/37 HPs)
             Began as a Merfolk Transmuter on Sept 28, 2015.
             Slain by a sky beast (3 damage)
             ... on level 3 of the Dungeon.
             The game lasted 00:12:04 (2419 turns).

Ordine the Changer (Merfolk Transmuter)             Turns: 2419, Time: 00:12:04

Health: -1/37      AC:  5    Str: 10    XL:     5   Next: 62%
Magic:  7/8        EV: 13    Int: 13    God:
Gold:   30         SH:  0    Dex: 15    Spells: 2 memorised, 4 levels left

rFire  . . .     SeeInvis .       - Unarmed
rCold  . . .     Clarity  .     g - +1 robe {rN+}
rNeg   + . .     SustAt   .     (no shield)
rPois  .         Gourm    .     (no helmet)
rElec  .         Spirit   .     (no cloak)
rCorr  .         Warding  .     a - +0 pair of gloves
rMut   .         Stasis   .     s - +0 pair of boots
MR     .....                    (no amulet)
Stlth  +.........               (no ring)
                                (no ring)

@: appendage, not resistant to hostile enchantments, very unstealthy
A: change form in water, swift swim, horns 2
a: End Transformation


You were on level 3 of the Dungeon.
You were hungry.
You had grown temporary horns.
You visited 1 branch of the dungeon, and saw 3 of its levels.

You collected 30 gold pieces.

Inventory:

Armour
 a - a +0 pair of gloves (worn)
 g - a +1 robe of positive energy (worn)
 s - a +0 pair of boots (worn)
Jewellery
 j - a cursed -3 ring of evasion {unknown}
 k - an uncursed ring of stealth {unknown}
Scrolls
 b - a scroll of enchant weapon
 i - 2 scrolls of amnesia
 l - 2 scrolls of fear
 n - a scroll of teleportation
Potions
 h - a potion of flight
Books
 c - a book of Changes

   Spells                             Type                      Level
   a - Beastly Appendage              Transmutation                1
   b - Sticks to Snakes               Transmutation                2
   c - Spider Form                    Transmutation/Poison         3
   d - Ice Form                       Ice/Transmutation            4
   e - Blade Hands                    Transmutation                5
 q - a book of Battle

   Spells                             Type                      Level
   a - Infusion                       Charms                       1
   b - Shroud of Golubria             Charms/Translocation         2
   c - Song of Slaying                Charms                       2
   d - Spectral Weapon                Hexes/Charms                 3
   e - Regeneration                   Charms/Necromancy            3
Comestibles
 d - 3 bread rations
 f - 3 meat rations


   Skills:
 - Level 1.1 Fighting
 - Level 2.6 Dodging
 - Level 4.6 Unarmed Combat
 - Level 2.0 Spellcasting
 + Level 6.3 Transmutations


You had 4 spell levels left.
You knew the following spells:

 Your Spells              Type           Power        Failure   Level  Hunger
a - Beastly Appendage     Trmt           ###...       1%          1    ##.....
b - Spider Form           Trmt/Pois      #.........   21%         3    ####...


Dungeon Overview and Level Annotations

Branches:
Dungeon (3/15)

Altars:


Innate Abilities, Weirdness & Mutations

You revert to your normal form in water.
You are very nimble and swift while swimming.
You have a pair of horns on your head.


Message History

The sky beast is severely wounded.
The sky beast closely misses you.
You closely miss the sky beast.
The sky beast is severely wounded.
The sky beast hits you. The sky beast shocks you.
* * * LOW HITPOINT WARNING * * *
You barely miss the sky beast.
The sky beast is severely wounded.
The sky beast hits you.
* * * LOW HITPOINT WARNING * * *
The sky beast shocks you.
* * * LOW HITPOINT WARNING * * *
Casting: Beastly Appendage
Confirm with . or Enter, or press ? or * to list all spells.
You grow a pair of large bovine horns.
The sky beast hits you but does no damage.
You closely miss the sky beast.
The sky beast is severely wounded.
The sky beast hits you.
You die...

##.###### #.#.....##
#.#.....## #........#
#........##.# #######
#.......... ##.....##
#.%...#
#..###..#########...####...
##.##(##.....@Yb.........#
#..#...#..#######(...#......
#...###...#..........†......
#..#...#..#.#####.#.#.......
####..##.##.##.#
#.#.#.......
.......#.#.....#
#.#.##.##...
####....#....### #.#.# .#
... ##.#..###..## ....# .# .
#.##...#.... #.## .#


You could see a sky beast and a bat.

Vanquished Creatures
  A giant frog (D:3)
  5 adders
  An ooze (D:2)
  3 worms
  A giant gecko (D:1)
  An orc (D:3)
  2 ball pythons
  6 giant cockroaches
  8 hobgoblins
  7 jackals
  2 quokkas (D:2)
  6 bats
  2 giant newts
  3 goblins
  A jackal zombie (D:2)
  5 kobolds
  3 rats
57 creatures vanquished.

Notes
Turn   | Place    | Note
--------------------------------------------------------------
     0 | D:1      | Ordine the Merfolk Transmuter began the quest for the Orb.
     0 | D:1      | Reached XP level 1. HP: 15/15 MP: 3/3
   104 | D:1      | Reached XP level 2. HP: 18/21 MP: 0/5
   369 | D:1      | Reached skill level 4 in Unarmed Combat
  1031 | D:2      | Reached XP level 3. HP: 18/26 MP: 4/6
  1051 | D:2      | Learned a level 3 spell: Spider Form
  1637 | D:2      | Reached XP level 4. HP: 30/32 MP: 7/7
  2041 | D:3      | Noticed a giant frog
  2050 | D:3      | Killed a giant frog
  2050 | D:3      | Reached skill level 5 in Transmutations
  2050 | D:3      | Reached XP level 5. HP: 28/37 MP: 6/8
  2087 | D:3      | Reached skill level 6 in Transmutations
  2381 | D:3      | Noticed a sky beast
  2391 | D:3      | HP: 1/37 [sky beast (5)]
  2417 | D:3      | HP: 1/37 [sky beast (5)]
  2419 | D:3      | Slain by a sky beast

Vault maps used:
D:1:      saegor_arrival_simple_d
D:2:      first_bread, kennysheep_crisscross
D:3:      nicolae_overflow_crystal_walls, minmay_ruptured

Action                   |  1- 3 |  4- 6 || total
-------------------------+-------+-------++-------
Melee: Unarmed           |   112 |    95 ||   207
 Cast: Beastly Appendage |    16 |    11 ||    27
  Use: Scroll            |     8 |     1 ||     9
       Potion            |       |     4 ||     4
 Stab: Sleeping          |     2 |       ||     2
  Eat: Chunk             |     2 |     3 ||     5
